 Dungeon Crawl Stone Soup version 0.30-a0-358-g0d69a1922f (webtiles) character file.

Game seed: 16578349629416069325

173 Nerdsrcool the Magician (level 5, -1/35 HPs)
             Began as a Djinni Fire Elementalist on Nov 8, 2022.
             Slain by a gnoll
             ... wielding a +0 whip
             ... led by a gnoll bouda
              (5 damage)
             ... on level 4 of the Dungeon.
             The game lasted 00:17:15 (2898 turns).

Nerdsrcool the Magician (Djinni Fire Elementalist)  Turns: 2898, Time: 00:17:15

Health: -1/35      AC:  7    Str:  7    XL:     5   Next: 83%
Gold:   224        EV: 12    Int: 17    God:
                   SH:  0    Dex: 15

rFire   + + +      SeeInvis .    f - +2 short sword (flame)
rCold   . . .      Faith    .    (no shield)
rNeg    . . .      Spirit   .    m - +0 leather armour
rPois   ∞          Reflect  .    j - +1 hat
rElec   +          Harm     .    (no cloak)
rCorr   +          Rampage  .    s - +2 pair of gloves
Will    .....                    (boots unavailable)
Stlth   ++........               (no amulet)
HPRegen 0.25/turn                (no ring)
MPRegen 0.00/turn                (no ring)

@: resistant, flying
A: sickness immunity, fire resistance 2, cold vulnerability 1, float, innate
caster, HP casting, extra vitality 1
a: no special abilities


You were on level 4 of the Dungeon.
You visited 1 branch of the dungeon, and saw 4 of its levels.

You collected 224 gold pieces.

Inventory:

Hand Weapons
 c - a +0 dagger
 f - a +2 short sword of flaming (weapon)
 t - a +3 dagger
Armour
 a - a +0 robe
 i - a +0 chain mail
 j - a +1 hat (worn)
 m - a +0 leather armour (worn)
 s - a +2 pair of gloves (worn)
Wands
 v - a wand of quicksilver (8)
Scrolls
 e - 2 scrolls of poison {unknown}
 h - a scroll of enchant armour {unknown}
 k - 2 scrolls of enchant weapon {unknown}
 o - a scroll of blinking {unknown}
 p - a scroll of magic mapping {unknown}
 q - 3 scrolls of teleportation {unknown}
 u - 4 scrolls of identify {unknown}
 w - a scroll of noise {unknown}
Potions
 d - 2 potions of heal wounds {unknown}
 g - a potion of mutation {unknown}
 l - 2 potions of curing {unknown}
 r - a potion of magic {unknown}
 x - a potion of degeneration {unknown}


   Skills:
 + Level 0.2 Armour
 + Level 2.4 Dodging
 + Level 1.9 Stealth
 + Level 4.4 Spellcasting


You couldn't memorise any spells.
You knew the following spells:

 Your Spells              Type           Power      Damage    Failure   Level
a - Foxfire               Conj/Fire      76%        2x1d7     3%          1
b - Scorch                Fire           38%        2d7       5%          2
c - Kindle Blastsparks    Fire/Tloc/Air  38%        2d13      11%         3
d - Inner Flame           Hex/Fire       19%        N/A       11%         3
e - Flame Wave            Conj/Fire      19%        2d7       34%         4
f - Sting                 Tmut/Pois      76%        1d6       3%          1
g - Searing Ray           Conj           38%        2d5       5%          2
Your spell library was empty.

Dungeon Overview and Level Annotations

Branches:
Dungeon (4/15)
 Temple: D:4-7

Altars:


Innate Abilities, Weirdness & Mutations

You are immune to sickness and miasma.
You are immune to poison.
Your flesh is very heat resistant. (rF++)
You are vulnerable to cold. (rC-)
You float through the air rather than walking.
You learn spells naturally, not from books.
Your magical power is your life essence.
You have superior vitality. (+4 MHP)


Message History

You conjure some foxfire!
The foxfire hits the gnoll but does no damage.
The gnoll is moderately wounded.
The foxfire hits the gnoll.
The gnoll is heavily wounded.
The gnoll hits you but does no damage. x2
Your foxfire dissipates!
The foxfire hits the gnoll.
The gnoll is lightly wounded.
You conjure some foxfire!
The gnoll barely misses you.
The foxfire hits the gnoll.
The gnoll is moderately wounded.
The foxfire hits the gnoll.
The gnoll is heavily wounded.
Your magical contamination has completely faded away.
A gnoll bouda comes into view. It is wielding a +0 club.
The gnoll bouda gazes fiercely through you!
You feel your attacks grow feeble.
The gnoll bouda moves out of view.
You conjure some foxfire!
You closely miss the gnoll.
The gnoll is heavily wounded.
The gnoll barely misses you. The gnoll closely misses you.
You hit the gnoll. You burn the gnoll.
The gnoll is almost dead.
The gnoll hits you with a +0 whip.
The gnoll hits you from afar with a +0 spear.
* * * LOW HITPOINT WARNING * * *
The gnoll hits you from afar with a +0 spear.
* * * LOW HITPOINT WARNING * * *
It was a potion of resistance.
You feel protected.
Your attacks no longer feel as feeble.
The gnoll hits you with a +0 whip.
* * * LOW HITPOINT WARNING * * *
The gnoll closely misses you. x2
It was a potion of flight.
You feel more buoyant.
The foxfire hits the gnoll bouda but does no damage.
The gnoll hits you with a +0 whip.
You die...

#...## #..#...
##...###.##.# . #
#....#......# .. .
#.....###..### ...#.
#####..## #..... ..
....###.####.## #.>...
...#[..g........### ##....
..#...#.v##..#...###.....
..... #@#####....##....#
#... #g######.))....... .
#... #gg.......#.......
...#..)##g.#......##......
.....g....##..............
#........##)......##......
##....#....#.....#......#.
###..#....#.....#..#..###
#...............###.#


You could see a gnoll bouda and 4 gnolls.

Vanquished Creatures
  A phantom (D:4)
  A jelly (D:4)
  An adder (D:4)
  An ufetubus (D:4)
  A worm (D:2)
  2 dart slugs (D:1)
  5 endoplasms
  A giant cockroach (D:1)
  6 goblins
  5 hobgoblins
  5 kobolds
  3 quokkas
  8 ball pythons
  4 bats
  2 frilled lizards
  6 rats
52 creatures vanquished.

Vanquished Creatures (collateral kills)
  2 foxfires (D:1)
2 creatures vanquished.

Vanquished Creatures (others)
  161 foxfires
  2 fungi (D:1)
  8 plants (D:1)
171 creatures vanquished.

Grand Total: 225 creatures vanquished

Notes
Turn   | Place    | Note
-------+----------+-------------------------------------------
     0 | D:1      | Nerdsrcool the Djinni Fire Elementalist began the quest for
                  | the Orb.
     0 | D:1      | Nerdsrcool set off with the following spells memorised:
                  | Foxfire, Scorch, Kindle Blastsparks, Inner Flame, Flame
                  | Wave.
     0 | D:1      | Reached XP level 1. HP: 15/15 MP: 0/0
    94 | D:1      | Reached XP level 2. HP: 14/21 MP: 0/0
   272 | D:1      | Found a faded altar of an unknown god.
   292 | D:1      | Reached skill level 3 in Spellcasting
   400 | D:1      | Reached XP level 3. HP: 23/25 MP: 0/0
   400 | D:1      | Learned a level 1 spell: Sting
  2100 | D:3      | Reached XP level 4. HP: 30/31 MP: 0/0
  2765 | D:4      | Noticed a phantom
  2775 | D:4      | Killed a phantom
  2776 | D:4      | Reached skill level 4 in Spellcasting
  2776 | D:4      | Reached XP level 5. HP: 23/35 MP: 0/0
  2776 | D:4      | Learned a level 2 spell: Searing Ray
  2898 | D:4      | Slain by a gnoll

Illustrated notes

Levels and vault maps discovered:
D:1:      dpeg_arrival_leaves_temple_mockup, layout_loops_ring,
          shapermc_ecumenical_altar_mp_ritualfount
D:2:      layout_loops_ring
D:3:      layout_loops_ring, minmay_misc_feat_alley, columned_hall_lemuel
D:4:      layout_cave_pools, temple_doors_ab

Skill      XL: |  1  2  3  4 |
---------------+-------------+-----
Spellcasting   | 3 4 |  4.4
Armour         | |  0.2
Dodging        | |  2.4
Stealth        | |  1.9

Action                   |  1- 3 |  4- 6 || total
-------------------------+-------+-------++-------
Melee: Unarmed           |     7 |       ||     7
       Short sword       |    35 |     4 ||    39
 Cast: Foxfire           |    92 |    35 ||   127
  Use: Potion            |       |     2 ||     2
Armor: Robe              |     2 |       ||     2
       Leather armour    |     3 |     4 ||     7
       Skin              |     2 |       ||     2
Dodge: Dodged            |    22 |    17 ||    39

Table legend: (Time is in decaauts)
 A = Elapsed time spent in this place.
 B = Non-inter-level travel time spent in this place.
 C = Inter-level travel time spent in this place.
 D = Time resting spent in this place.
 E = Time spent auto-exploring this place.
 F = Levels seen in this place.
 G = Mean time per level.
                   A        B        C        D        E       F      G
               +--------+--------+--------+--------+--------+-----+--------+
         Total |   2896 |   2848 |     48 |     26 |   2022 |   4 |  724.0 |
       Dungeon |   2896 |   2848 |     48 |     26 |   2022 |   4 |  724.0 |
               +--------+--------+--------+--------+--------+-----+--------+

Top non-repeatable levels by time:
     D:1: 1138 daAuts
     D:2: 896 daAuts
     D:3: 703 daAuts
     D:4: 157 daAuts
